AoeStats
← EduAguirre

Arena

509753199Analyzed
1v1 RM · 4d ago on Sep 27, 2026· 57m 18s· 2 players
Game mode
Random Map
Map size
Tiny (2 player)
Population
200
Speed
Normal
Resources
Standard
Victory
Conquest
Starting age
Dark Age
Ending age
Imperial Age
RankedLock teamsTeams togetherTeam positionsShared explorationLock speedFull tech treeHidden civsTurbo modeCheats
Victory
Defeat
🇪🇨 Turks · Ecuador
1019
+17
🇨🇴 Goths · Colombia
1035
-17
EduAguirre
11:27 Feudal Age
12:26 Double-Bit Axe
16:10 Castle Age
19:08 Loom
22:13 Horse Collar
25:21 Imperial Age
24:32 Padded Archer Armor
26:03 Leather Archer Armor
25:42 Gold Mining
31:41 Ring Archer Armor
33:08 Wheelbarrow
34:37 Town Watch
36:13 Stone Mining
36:25 Heavy Plow
36:45 Treadmill Crane
37:28 Ballistics
41:01 Conscription
42:21 Artillery
42:43 Hand Cart
42:31 Town Patrol
43:47 Fletching
44:13 Masonry
44:19 Bow Saw
45:01 Gold Shaft Mining
45:28 Hoardings
45:35 Bodkin Arrow
46:14 Architecture
45:40 Murder Holes
46:22 Bracer
46:47 Sappers
46:53 Sappers
49:19 Two-Man Saw
49:28 Scale Barding Armor
49:34 Forging
50:10 Husbandry
50:22 Bloodlines
52:19 Chain Barding Armor
52:34 Iron Casting
57:09 Plate Barding Armor
57:35 Blast Furnace
VicarialDock950
11:34 Feudal Age
11:45 Man-at-Arms
13:36 Loom
14:48 Wheelbarrow
16:47 Forging
16:37 Scale Mail Armor
22:44 Castle Age
24:18 Town Watch
24:48 Double-Bit Axe
28:47 Imperial Age
31:23 Elite Skirmisher
32:53 Horse Collar
34:43 Fletching
35:28 Padded Archer Armor
36:05 Squires
36:08 Bodkin Arrow
37:05 Ballistics
37:57 Iron Casting
38:38 Anarchy
38:43 Perfusion
40:52 Blast Furnace
40:08 Chain Mail Armor
42:56 Leather Archer Armor
45:17 Chemistry
44:36 Bracer
46:29 Hand Cart
48:39 Ring Archer Armor
53:52 Scale Barding Armor
54:47 Town Patrol
56:07 Conscription
Connection lost

Rejoining the realm…

Still unreachable

The connection could not be restored.

Session expired

The server has moved on; the page needs a fresh start.